Laval Squanderers vs Abbotsford Heat
Created - Sunday, April 30, 2023 at 07:02
Goals
|
| Laval Squanderers |
1 |
2 |
1 |
4 |
| Abbotsford Heat |
1 |
3 |
4 |
8 |
|
Shots
|
| Laval Squanderers |
17 |
11 |
11 |
39 |
| Abbotsford Heat |
15 |
11 |
20 |
46 |
|
1st period
1. Laval Squanderers , Mark Kastelic 17 (Oliver Wahlstrom 28, Braden Schneider 16) at 12:48
2. Abbotsford Heat , Rafael Harvey-Pinard 15 (Ryan Merkley 16) at 17:43
Penalties :
Wyatt Newpower (ABH) for Fighting (Major) at 2:41, Braden Schneider (LSQ) for Fighting (Major) at 2:41, Martin Kaut (LSQ) for Interference (Minor) at 18:43
2nd period
3. Laval Squanderers , Reese Johnson 13 (Simon Holmstrom 18, Lias Andersson 18) at 2:21
4. Abbotsford Heat , Alex Limoges 5 (Jacob Peterson 9, Wyatt Newpower 4) at 4:05
5. Abbotsford Heat , Rafael Harvey-Pinard 16 (Lane Pederson 12, Cole Sillinger 21) at 11:14
6. Laval Squanderers , Oliver Wahlstrom 26 (Mackenzie MacEachern 16, Mark Kastelic 23) at 12:54
7. Abbotsford Heat , Jacob Peterson 10 (Alex Limoges 4) at 14:38
Penalties :
Yakov Trenin (ABH) for Fighting (Major) at 2:24, Mark Kastelic (LSQ) for Fighting (Major) at 2:24, Dennis Gilbert (ABH) for Fighting (Major) at 16:48, Mark Kastelic (LSQ) for Fighting (Major) at 16:48
3rd period
8. Abbotsford Heat , Cole Perfetti 14 (Bobby Brink 24, Gabriel Fortier 3) at 2:26
9. Abbotsford Heat , Cole Perfetti 15 (Bobby Brink 25) at 7:49
10. Abbotsford Heat , Cole Perfetti 16 (Wyatt Newpower 5, Bobby Brink 26) at 12:46
11. Abbotsford Heat , Jacob Peterson 11 (Ryan Merkley 17) at 13:18
12. Laval Squanderers , Lias Andersson 10 (Braden Schneider 17) at 13:24
Penalties :
Wyatt Newpower (ABH) for Fighting (Major) at 4:26, Simon Holmstrom (LSQ) for Fighting (Major) at 4:26, Kyle Burroughs (LSQ) for Roughing (Minor) at 9:41, Yakov Trenin (ABH) for Fighting (Major) at 13:35, Mark Kastelic (LSQ) for Fighting (Major / Game Misconduct) at 13:35, Lias Andersson (LSQ) for Tripping (Minor) at 14:33
Goalie Stats
Dylan Garand (LSQ), 38 saves from 46 shots - (0.826), L, 5-4-2, 60:00 minutes
Dustin Wolf (ABH), 35 saves from 39 shots - (0.897), W, 8-9-3, 60:00 minutes
Players Stats for Laval Squanderers
Player Name G A P +/- PIM S H SB GA TA FO MP PP MP PK MP
------------------------------------------------------------------------------------
Alex Green 0 0 0 -2 0 0 0 2 0 1 0/0 13:07 0:00 0:10
Braden Schneider 0 2 2 -2 5 1 0 2 0 3 0/0 27:18 0:00 3:58
Brayden Tracey 0 0 0 -2 0 1 2 1 0 0 3/7 12:37 0:00 0:00
Danila Klimovich 0 0 0 -2 0 0 0 1 0 0 0/3 9:41 0:00 1:34
Graeme Clarke 0 0 0 -2 0 1 4 1 0 1 8/10 15:21 0:00 3:20
Justin Barron 0 0 0 0 0 1 0 1 0 0 0/0 18:51 0:00 1:49
Kaedan Korczak 0 0 0 -2 0 0 1 0 0 0 0/0 12:48 0:00 1:18
Kyle Burroughs 0 0 0 -2 2 1 2 4 1 2 0/0 28:33 0:00 2:40
Lias Andersson 1 1 2 1 2 1 1 1 0 0 3/9 15:42 0:00 0:38
Lukas Reichel 0 0 0 -3 0 4 1 1 3 0 0/2 14:22 0:00 1:34
Mackenzie MacEachern 0 1 1 -1 0 4 1 0 0 0 0/2 19:37 0:00 0:25
Mark Kastelic 1 1 2 0 25 7 1 0 2 0 20/27 13:39 0:00 0:00
Martin Kaut 0 0 0 -2 2 4 4 0 1 2 2/2 14:03 0:00 0:57
Mike Hardman 0 0 0 -2 0 2 0 2 0 0 0/0 11:40 0:00 3:26
Nils Lundkvist 0 0 0 0 0 2 1 1 0 2 0/0 19:31 0:00 1:59
Oliver Wahlstrom 1 1 2 -1 0 8 1 0 3 0 0/0 19:12 0:00 0:00
Reese Johnson 1 0 1 1 0 1 2 0 0 1 0/0 14:43 0:00 0:00
Simon Holmstrom 0 1 1 1 5 1 1 1 2 0 0/1 13:10 0:00 0:00
Players Stats for Abbotsford Heat
Player Name G A P +/- PIM S H SB GA TA FO MP PP MP PK MP
------------------------------------------------------------------------------------
Alex Limoges 1 1 2 2 0 3 0 0 0 0 0/0 12:05 0:00 0:00
Benoit-Olivier Groulx 0 0 0 2 0 2 5 0 0 2 1/5 12:13 0:00 0:00
Bobby Brink 0 3 3 -1 0 7 1 0 2 1 1/1 23:24 3:16 0:00
Cole Perfetti 3 0 3 -1 0 9 0 0 2 1 0/3 23:24 3:16 0:00
Cole Sillinger 0 1 1 2 0 2 1 0 1 0 9/14 17:56 2:35 0:00
Daniil Miromanov 0 0 0 2 0 1 0 1 1 1 0/0 15:51 0:06 0:00
Dennis Gilbert 0 0 0 3 5 0 1 0 0 1 0/0 17:04 2:15 0:00
Filip Chlapik 0 0 0 1 0 0 0 0 0 0 3/8 10:08 0:59 0:00
Gabriel Fortier 0 1 1 1 0 0 2 1 0 0 0/0 6:02 0:00 0:00
Jacob Peterson 2 1 3 3 0 5 1 0 0 0 1/2 16:47 0:00 0:00
Lane Pederson 0 1 1 2 0 1 2 0 1 1 0/0 17:50 2:29 0:00
Michael Anderson 0 0 0 0 0 1 4 3 1 4 0/0 29:10 3:42 0:00
Rafael Harvey-Pinard 2 0 2 2 0 5 2 1 1 0 0/2 17:56 2:35 0:00
Ryan Merkley 0 2 2 -1 0 3 2 1 1 0 0/0 28:14 3:42 0:00
Shane Pinto 0 0 0 0 0 0 0 0 0 0 0/0 2:18 0:41 0:00
Vincent Desharnais 0 0 0 3 0 3 0 0 0 1 0/0 21:38 2:15 0:00
Wyatt Newpower 0 2 2 1 10 1 0 0 0 0 0/0 8:25 0:00 0:00
Yakov Trenin 0 0 0 -1 10 3 0 2 2 0 12/28 19:30 1:54 0:00
3 Stars
1 - Jacob Peterson (ABH)
2 - Rafael Harvey-Pinard (ABH)
3 - Cole Perfetti (ABH)
Power Play
Laval Squanderers - 0 on 0 Attempt(s) - 0.00%
Abbotsford Heat - 0 on 3 Attempt(s) - 0.00%
Penalty Kill
Laval Squanderers - 3 on 3 Attempt(s) - 100.00%
- Score 0 goal in Penalty Kill
Abbotsford Heat - 0 on 0 Attempt(s) - 0.00%
- Score 0 goal in Penalty Kill
Team Stat
Laval Squanderers - Hits : 22 - Faceoff Wins : 36 - Blocked Shots : 18 - Penalty Minutes : 41
Abbotsford Heat - Hits : 21 - Faceoff Wins : 27 - Blocked Shots : 9 - Penalty Minutes : 25
Official
Referees : TJ Luxmore and Dave Jackson
Linesman : Vaughan Rody and Mike Cvik
Game Notes
Wyatt Newpower and Braden Schneider fight to a draw at 2:41 of 1st period
Yakov Trenin and Mark Kastelic fight to a draw at 2:24 of 2nd period
Dennis Gilbert beats up Mark Kastelic at 16:48 of 2nd period
Simon Holmstrom beats up Wyatt Newpower at 4:26 of 3rd period
Cole Perfetti has scored a Hat Trick!
Yakov Trenin beats up Mark Kastelic at 13:35 of 3rd period
Mark Kastelic ejected from game at 13:35 of 3rd period
Laval Squanderers
5 vs 5 Forward
Center Left Wing Right Wing Time % Phy DF OF
1 Mark Kastelic Mackenzie MacEachern Oliver Wahlstrom 40 1 2 2
2 Lias Andersson Simon Holmstrom Reese Johnson 30 1 2 2
3 Graeme Clarke Lukas Reichel Martin Kaut 20 1 2 2
4 Danila Klimovich Brayden Tracey Mike Hardman 10 1 2 2
5 vs 5 Defense
Defense Defense Time % Phy DF OF
1 Kyle Burroughs Braden Schneider 40 1 2 2
2 Nils Lundkvist Justin Barron 30 1 2 2
3 Alex Green Kaedan Korczak 20 1 2 2
4 Kyle Burroughs Braden Schneider 10 1 2 2
PowerPlay Forward
Center Left Wing Right Wing Time % Phy DF OF
1 Mark Kastelic Mackenzie MacEachern Oliver Wahlstrom 60 1 2 2
2 Lias Andersson Simon Holmstrom Reese Johnson 40 1 2 2
PowerPlay Defense
Defense Defense Time % Phy DF OF
1 Kyle Burroughs Braden Schneider 60 1 2 2
2 Nils Lundkvist Justin Barron 40 1 2 2
Penalty Kill 4 Players Forward
Center Wing Time % Phy DF OF
1 Graeme Clarke Mike Hardman 60 1 2 2
2 Danila Klimovich Martin Kaut 40 1 2 2
Penalty Kill 4 Players Defense
Defense Defense Time % Phy DF OF
1 Kyle Burroughs Braden Schneider 60 1 2 2
2 Nils Lundkvist Justin Barron 40 1 2 2
Penalty Kill - 3 Players Forward
Forward Time % Phy DF OF
1 Mike Hardman 60 1 2 2
2 Martin Kaut 40 1 2 2
Penalty Kill - 3 Players Defense
Defense Defense Time % Phy DF OF
1 Kyle Burroughs Braden Schneider 60 1 2 2
2 Nils Lundkvist Justin Barron 40 1 2 2
4 vs 4 Forward
Center Wing Time % Phy DF OF
1 Oliver Wahlstrom Mark Kastelic 60 1 2 2
2 Mackenzie MacEachern Reese Johnson 40 1 2 2
4 vs 4 Defense
Defense Defense Time % Phy DF OF
1 Kyle Burroughs Braden Schneider 60 1 2 2
2 Nils Lundkvist Justin Barron 40 1 2 2
Last Minutes Offensive
Center Left Wing Right Wing Defense Defense
Mark Kastelic Mackenzie MacEachern Oliver Wahlstrom Kyle Burroughs Braden Schneider
Last Minutes Defensive
Center Left Wing Right Wing Defense Defense
Graeme Clarke Mike Hardman Martin Kaut Kyle Burroughs Braden Schneider
Goaltenders
Starting : Dylan Garand
Backup : Mads Sogaard
Extra Forwards
Normal : Brayden Tracey, Martin Kaut, Lukas Reichel - PP : Brayden Tracey, Martin Kaut - PK : Lukas Reichel
Extra Defensemen
Normal : Alex Green, Kaedan Korczak, Nils Lundkvist - PP : Alex Green - PK : Kaedan Korczak, Nils Lundkvist
Penalty Shots
Oliver Wahlstrom, Mark Kastelic, Mackenzie MacEachern, Reese Johnson, Martin Kaut
Abbotsford Heat
5 vs 5 Forward
Center Left Wing Right Wing Time % Phy DF OF
1 Yakov Trenin Cole Perfetti Bobby Brink 40 1 2 2
2 Cole Sillinger Rafael Harvey-Pinard Lane Pederson 30 1 2 2
3 Benoit-Olivier Groulx Alex Limoges Jacob Peterson 20 1 2 2
4 Jacob Peterson Gabriel Fortier Filip Chlapik 10 1 2 2
5 vs 5 Defense
Defense Defense Time % Phy DF OF
1 Michael Anderson Ryan Merkley 40 1 2 2
2 Vincent Desharnais Dennis Gilbert 30 1 2 2
3 Daniil Miromanov Wyatt Newpower 20 1 2 2
4 Michael Anderson Ryan Merkley 10 1 2 2
PowerPlay Forward
Center Left Wing Right Wing Time % Phy DF OF
1 Yakov Trenin Cole Perfetti Bobby Brink 60 1 2 2
2 Cole Sillinger Rafael Harvey-Pinard Lane Pederson 40 1 2 2
PowerPlay Defense
Defense Defense Time % Phy DF OF
1 Michael Anderson Ryan Merkley 60 1 2 2
2 Vincent Desharnais Dennis Gilbert 40 1 2 2
Penalty Kill 4 Players Forward
Center Wing Time % Phy DF OF
1 Yakov Trenin Cole Sillinger 60 1 2 2
2 Bobby Brink Cole Perfetti 40 1 2 2
Penalty Kill 4 Players Defense
Defense Defense Time % Phy DF OF
1 Michael Anderson Ryan Merkley 60 1 2 2
2 Vincent Desharnais Dennis Gilbert 40 1 2 2
Penalty Kill - 3 Players Forward
Forward Time % Phy DF OF
1 Yakov Trenin 60 1 2 2
2 Cole Sillinger 40 1 2 2
Penalty Kill - 3 Players Defense
Defense Defense Time % Phy DF OF
1 Michael Anderson Ryan Merkley 60 1 2 2
2 Vincent Desharnais Dennis Gilbert 40 1 2 2
4 vs 4 Forward
Center Wing Time % Phy DF OF
1 Yakov Trenin Cole Sillinger 60 1 2 2
2 Bobby Brink Cole Perfetti 40 1 2 2
4 vs 4 Defense
Defense Defense Time % Phy DF OF
1 Michael Anderson Ryan Merkley 60 1 2 2
2 Vincent Desharnais Dennis Gilbert 40 1 2 2
Last Minutes Offensive
Center Left Wing Right Wing Defense Defense
Yakov Trenin Cole Perfetti Bobby Brink Michael Anderson Ryan Merkley
Last Minutes Defensive
Center Left Wing Right Wing Defense Defense
Yakov Trenin Cole Perfetti Bobby Brink Michael Anderson Ryan Merkley
Goaltenders
Starting : Dustin Wolf
Backup : Pheonix Copley
Extra Forwards
Normal : Filip Chlapik, Shane Pinto, Benoit-Olivier Groulx - PP : Filip Chlapik, Shane Pinto - PK : Benoit-Olivier Groulx
Extra Defensemen
Normal : Daniil Miromanov, Wyatt Newpower, Vincent Desharnais - PP : Daniil Miromanov - PK : Wyatt Newpower, Vincent Desharnais
Penalty Shots
Yakov Trenin, Cole Sillinger, Bobby Brink, Cole Perfetti, Benoit-Olivier Groulx
% Time on Ice - Laval Squanderers
Lines # - Real PCT - Wanted PCT - Time Play
Normal Forward
1 - 36% - 40% - 19:19
2 - 28% - 30% - 14:53
3 - 22% - 20% - 11:54
4 - 15% - 10% - 7:57
Normal Defense
1 - 41% - 40% - 22:12
2 - 32% - 30% - 17:02
3 - 20% - 20% - 10:35
4 - 8% - 10% - 4:14
PP Forward
1 - 0% - 60%
2 - 0% - 40%
PP Defense
1 - 0% - 60%
2 - 0% - 40%
PK Forward
1 - 74% - 60% - 4:23
2 - 26% - 40% - 1:34
PK Defense
1 - 69% - 60% - 4:08
2 - 31% - 40% - 1:49
PK3 Forward
1 - 0% - 60%
2 - 0% - 40%
PK3 Defense
1 - 0% - 60%
2 - 0% - 40%
44 Forward
1 - 0% - 60%
2 - 0% - 40%
44 Defense
1 - 0% - 60%
2 - 0% - 40%
Last Minute Offensive - 0:00
Last Minute Defensive - 0:00
Total
Forward - 60:00
Defense - 60:00
|
% Time on Ice - Abbotsford Heat
Lines # - Real PCT - Wanted PCT - Time Play
Normal Forward
1 - 38% - 40% - 20:35
2 - 28% - 30% - 15:21
3 - 22% - 20% - 12:05
4 - 11% - 10% - 6:02
Normal Defense
1 - 39% - 40% - 21:09
2 - 30% - 30% - 16:16
3 - 25% - 20% - 13:34
4 - 6% - 10% - 3:04
PP Forward
1 - 57% - 60% - 3:22
2 - 43% - 40% - 2:35
PP Defense
1 - 62% - 60% - 3:42
2 - 38% - 40% - 2:15
PK Forward
1 - 0% - 60%
2 - 0% - 40%
PK Defense
1 - 0% - 60%
2 - 0% - 40%
PK3 Forward
1 - 0% - 60%
2 - 0% - 40%
PK3 Defense
1 - 0% - 60%
2 - 0% - 40%
44 Forward
1 - 0% - 60%
2 - 0% - 40%
44 Defense
1 - 0% - 60%
2 - 0% - 40%
Last Minute Offensive - 0:00
Last Minute Defensive - 0:00
Total
Forward - 60:00
Defense - 60:00
|
Play-by-Play
1st period
0:01 of 1st period - Mark Kastelic wins face-off versus Yakov Trenin in neutral zone.
0:36 of 1st period - Snap shot by Cole Sillinger.
0:36 of 1st period - Stopped by Dylan Garand with a rebound.
0:47 of 1st period - Braden Schneider is hit by Lane Pederson and loses puck.
1:02 of 1st period - Slapshot by Jacob Peterson.
1:02 of 1st period - Shot Blocked by Simon Holmstrom.
1:04 of 1st period - Backhand shot by Jacob Peterson.
1:04 of 1st period - Stopped by Dylan Garand without a rebound.
1:05 of 1st period - Graeme Clarke wins face-off versus Jacob Peterson in Laval Squanderers zone.
1:05 of 1st period - Graeme Clarke is hit by Dennis Gilbert.
1:11 of 1st period - Dennis Gilbert is hit by Graeme Clarke and loses puck.
2:16 of 1st period - Wrist shot by Jacob Peterson.
2:16 of 1st period - Stopped by Dylan Garand with a rebound.
2:18 of 1st period - Snap shot by Alex Limoges.
2:18 of 1st period - Stopped by Dylan Garand with a rebound.
2:20 of 1st period - Snap shot by Vincent Desharnais.
2:20 of 1st period - Shot Blocked by Alex Green.
2:22 of 1st period - Snap shot by Benoit-Olivier Groulx.
2:22 of 1st period - Stopped by Dylan Garand with a rebound.
2:38 of 1st period - Snap shot by Simon Holmstrom.
2:38 of 1st period - Deflect By Cole Perfetti.
2:38 of 1st period - Shot Blocked by Yakov Trenin.
2:38 of 1st period - Puck is out of play.
2:39 of 1st period - Mark Kastelic wins face-off versus Cole Sillinger in Abbotsford Heat zone.
2:41 of 1st period - Wyatt Newpower and Braden Schneider fight to a draw.
2:41 of 1st period - Penalty to Wyatt Newpower for Fighting.
2:41 of 1st period - Penalty to Braden Schneider for Fighting.
2:42 of 1st period - Mark Kastelic wins face-off versus Benoit-Olivier Groulx in Abbotsford Heat zone.
2:47 of 1st period - Slapshot by Mark Kastelic.
2:47 of 1st period - Shot Misses the Net.
2:55 of 1st period - Wrist shot by Mark Kastelic.
2:55 of 1st period - Shot Blocked by Daniil Miromanov.
2:57 of 1st period - Snap shot by Mark Kastelic.
2:57 of 1st period - Shot Misses the Net.
3:07 of 1st period - Daniil Miromanov is hit by Lias Andersson and loses puck.
4:10 of 1st period - Wrist shot by Oliver Wahlstrom.
4:10 of 1st period - Stopped by Dustin Wolf with a rebound.
4:22 of 1st period - Michael Anderson is hit by Mark Kastelic.
4:36 of 1st period - Snap shot by Simon Holmstrom.
4:36 of 1st period - Deflect By Yakov Trenin.
4:36 of 1st period - Shot Blocked by Michael Anderson.
4:36 of 1st period - Puck is out of play.
4:37 of 1st period - Lias Andersson wins face-off versus Cole Sillinger in Abbotsford Heat zone.
4:59 of 1st period - Icing by Lane Pederson.
5:00 of 1st period - Mark Kastelic wins face-off versus Benoit-Olivier Groulx in Abbotsford Heat zone.
5:14 of 1st period - Off-side.
5:15 of 1st period - Graeme Clarke wins face-off versus Yakov Trenin in neutral zone.
5:20 of 1st period - Slapshot by Martin Kaut.
5:20 of 1st period - Stopped by Dustin Wolf with a rebound.
6:03 of 1st period - Snap shot by Alex Limoges.
6:03 of 1st period - Shot Misses the Net.
6:45 of 1st period - Jacob Peterson is hit by Graeme Clarke and loses puck.
7:38 of 1st period - Reese Johnson is hit by Benoit-Olivier Groulx and loses puck.
7:51 of 1st period - Benoit-Olivier Groulx is hit by Reese Johnson and loses puck.
8:16 of 1st period - Snap shot by Graeme Clarke.
8:16 of 1st period - Shot Blocked by Rafael Harvey-Pinard.
8:48 of 1st period - Nils Lundkvist is hit by Bobby Brink and loses puck.
8:55 of 1st period - Backhand shot by Bobby Brink.
8:55 of 1st period - Stopped by Dylan Garand with a rebound.
8:57 of 1st period - Wrist shot by Yakov Trenin.
8:57 of 1st period - Stopped by Dylan Garand with a rebound.
8:59 of 1st period - Wrist shot by Bobby Brink.
8:59 of 1st period - Shot Misses the Net.
9:01 of 1st period - Wrist shot by Vincent Desharnais.
9:01 of 1st period - Stopped by Dylan Garand with a rebound.
10:12 of 1st period - Icing by Braden Schneider.
10:13 of 1st period - Yakov Trenin wins face-off versus Mark Kastelic in Laval Squanderers zone.
10:24 of 1st period - Wrist shot by Oliver Wahlstrom.
10:24 of 1st period - Deflect By Michael Anderson.
10:24 of 1st period - Shot Blocked by Michael Anderson.
10:24 of 1st period - Puck is out of play.
10:25 of 1st period - Cole Sillinger wins face-off versus Mark Kastelic in Abbotsford Heat zone.
10:58 of 1st period - Snap shot by Nils Lundkvist.
10:58 of 1st period - Stopped by Dustin Wolf without a rebound.
10:59 of 1st period - Yakov Trenin wins face-off versus Lukas Reichel in Abbotsford Heat zone.
11:06 of 1st period - Wrist shot by Bobby Brink.
11:06 of 1st period - Stopped by Dylan Garand with a rebound.
11:12 of 1st period - Slapshot by Bobby Brink.
11:12 of 1st period - Shot Blocked by Nils Lundkvist.
11:32 of 1st period - Snap shot by Cole Sillinger.
11:32 of 1st period - Shot Misses the Net.
12:14 of 1st period - Backhand shot by Brayden Tracey.
12:14 of 1st period - Shot Misses the Net.
12:32 of 1st period - Wrist shot by Rafael Harvey-Pinard.
12:32 of 1st period - Shot Misses the Net.
12:34 of 1st period - Backhand shot by Vincent Desharnais.
12:34 of 1st period - Shot Blocked by Kyle Burroughs.
12:48 of 1st period - Snap shot by Oliver Wahlstrom.
12:48 of 1st period - Deflect By Mark Kastelic.
12:48 of 1st period - Goal by Mark Kastelic - Laval Squanderers : 1 - Abbotsford Heat : 0.
12:49 of 1st period - Yakov Trenin wins face-off versus Mark Kastelic in neutral zone.
13:38 of 1st period - Benoit-Olivier Groulx is hit by Martin Kaut and loses puck.
13:46 of 1st period - Icing by Jacob Peterson.
13:47 of 1st period - Mark Kastelic wins face-off versus Benoit-Olivier Groulx in Abbotsford Heat zone.
13:58 of 1st period - Snap shot by Jacob Peterson.
13:58 of 1st period - Deflect By Alex Limoges.
13:58 of 1st period - Shot Hit the Post.
13:58 of 1st period - Puck is out of play.
13:59 of 1st period - Mark Kastelic wins face-off versus Yakov Trenin in Laval Squanderers zone.
14:11 of 1st period - Off-side.
14:12 of 1st period - Mark Kastelic wins face-off versus Yakov Trenin in neutral zone.
14:15 of 1st period - Snap shot by Mackenzie MacEachern.
14:15 of 1st period - Shot Blocked by Yakov Trenin.
14:17 of 1st period - Snap shot by Oliver Wahlstrom.
14:17 of 1st period - Stopped by Dustin Wolf with a rebound.
14:19 of 1st period - Slapshot by Mark Kastelic.
14:19 of 1st period - Stopped by Dustin Wolf with a rebound.
14:21 of 1st period - Snap shot by Mackenzie MacEachern.
14:21 of 1st period - Shot Misses the Net.
14:23 of 1st period - Wrist shot by Mark Kastelic.
14:23 of 1st period - Stopped by Dustin Wolf with a rebound.
14:25 of 1st period - Slapshot by Braden Schneider.
14:25 of 1st period - Stopped by Dustin Wolf with a rebound.
14:27 of 1st period - Slapshot by Braden Schneider.
14:27 of 1st period - Deflect By Mark Kastelic.
14:27 of 1st period - Stopped by Dustin Wolf with a rebound.
14:56 of 1st period - Wrist shot by Cole Perfetti.
14:56 of 1st period - Shot Misses the Net.
14:58 of 1st period - Snap shot by Yakov Trenin.
14:58 of 1st period - Stopped by Dylan Garand with a rebound.
15:02 of 1st period - Snap shot by Cole Perfetti.
15:02 of 1st period - Stopped by Dylan Garand with a rebound.
15:04 of 1st period - Snap shot by Cole Perfetti.
15:04 of 1st period - Stopped by Dylan Garand with a rebound.
15:06 of 1st period - Wrist shot by Cole Perfetti.
15:06 of 1st period - Shot Blocked by Kyle Burroughs.
15:08 of 1st period - Slapshot by Daniil Miromanov.
15:08 of 1st period - Deflect By Mike Hardman.
15:08 of 1st period - Stopped by Dylan Garand without a rebound.
15:09 of 1st period - Mark Kastelic wins face-off versus Cole Sillinger in Laval Squanderers zone.
15:34 of 1st period - Gabriel Fortier is hit by Reese Johnson and loses puck.
15:47 of 1st period - Snap shot by Lias Andersson.
15:47 of 1st period - Shot Misses the Net.
16:00 of 1st period - Icing by Ryan Merkley.
16:01 of 1st period - Benoit-Olivier Groulx wins face-off versus Lukas Reichel in Abbotsford Heat zone.
16:12 of 1st period - Alex Limoges is hit by Graeme Clarke and loses puck.
16:25 of 1st period - Snap shot by Lukas Reichel.
16:25 of 1st period - Stopped by Dustin Wolf with a rebound.
16:27 of 1st period - Snap shot by Graeme Clarke.
16:27 of 1st period - Shot Misses the Net.
16:29 of 1st period - Wrist shot by Nils Lundkvist.
16:29 of 1st period - Shot Misses the Net.
16:35 of 1st period - Slapshot by Martin Kaut.
16:35 of 1st period - Stopped by Dustin Wolf with a rebound.
16:37 of 1st period - Snap shot by Lukas Reichel.
16:37 of 1st period - Stopped by Dustin Wolf with a rebound.
16:39 of 1st period - Slapshot by Lukas Reichel.
16:39 of 1st period - Stopped by Dustin Wolf with a rebound.
16:41 of 1st period - Wrist shot by Justin Barron.
16:41 of 1st period - Stopped by Dustin Wolf with a rebound.
16:43 of 1st period - Slapshot by Nils Lundkvist.
16:43 of 1st period - Stopped by Dustin Wolf without a rebound.
16:44 of 1st period - Yakov Trenin wins face-off versus Mark Kastelic in Abbotsford Heat zone.
16:44 of 1st period - Yakov Trenin is hit by Mackenzie MacEachern.
16:58 of 1st period - Snap shot by Mackenzie MacEachern.
16:58 of 1st period - Shot Misses the Net.
17:34 of 1st period - Kaedan Korczak is hit by Rafael Harvey-Pinard and loses puck.
17:43 of 1st period - Slapshot by Rafael Harvey-Pinard.
17:43 of 1st period - Goal by Rafael Harvey-Pinard - Laval Squanderers : 1 - Abbotsford Heat : 1.
17:44 of 1st period - Yakov Trenin wins face-off versus Mark Kastelic in neutral zone.
18:21 of 1st period - Slapshot by Kyle Burroughs.
18:21 of 1st period - Stopped by Dustin Wolf without a rebound.
18:22 of 1st period - Graeme Clarke wins face-off versus Cole Sillinger in Abbotsford Heat zone.
18:31 of 1st period - Snap shot by Lane Pederson.
18:31 of 1st period - Stopped by Dylan Garand with a rebound.
18:43 of 1st period - Minor Penalty to Martin Kaut for Interference.
18:44 of 1st period - Graeme Clarke wins face-off versus Yakov Trenin in Laval Squanderers zone.
18:44 of 1st period - Graeme Clarke is hit by Michael Anderson.
18:54 of 1st period - Wrist shot by Mike Hardman.
18:54 of 1st period - Stopped by Dustin Wolf with a rebound.
Goals for this period are 1 for Laval Squanderers vs 1 for Abbotsford Heat.
Shots for this period are 17 for Laval Squanderers vs 15 for Abbotsford Heat.
2nd period
0:01 of 2nd period - Graeme Clarke wins face-off versus Yakov Trenin in neutral zone.
0:04 of 2nd period - Yakov Trenin is hit by Kyle Burroughs and loses puck.
0:43 of 2nd period - Penalty to Martin Kaut is over, Martin Kaut is back on ice.
1:38 of 2nd period - Lane Pederson is hit by Nils Lundkvist and loses puck.
2:00 of 2nd period - Bobby Brink is hit by Graeme Clarke and loses puck.
2:19 of 2nd period - Snap shot by Simon Holmstrom.
2:19 of 2nd period - Stopped by Dustin Wolf with a rebound.
2:21 of 2nd period - Wrist shot by Reese Johnson.
2:21 of 2nd period - Goal by Reese Johnson - Laval Squanderers : 2 - Abbotsford Heat : 1.
2:22 of 2nd period - Mark Kastelic wins face-off versus Yakov Trenin in neutral zone.
2:24 of 2nd period - Yakov Trenin and Mark Kastelic fight to a draw.
2:24 of 2nd period - Penalty to Yakov Trenin for Fighting.
2:24 of 2nd period - Penalty to Mark Kastelic for Fighting.
2:25 of 2nd period - Brayden Tracey wins face-off versus Filip Chlapik in Abbotsford Heat zone.
2:28 of 2nd period - Wrist shot by Mackenzie MacEachern.
2:28 of 2nd period - Stopped by Dustin Wolf with a rebound.
2:50 of 2nd period - Simon Holmstrom is hit by Michael Anderson and loses puck.
4:03 of 2nd period - Wrist shot by Jacob Peterson.
4:03 of 2nd period - Shot Misses the Net.
4:05 of 2nd period - Slapshot by Alex Limoges.
4:05 of 2nd period - Goal by Alex Limoges - Laval Squanderers : 2 - Abbotsford Heat : 2.
4:06 of 2nd period - Filip Chlapik wins face-off versus Brayden Tracey in neutral zone.
4:21 of 2nd period - Snap shot by Bobby Brink.
4:21 of 2nd period - Shot Blocked by Alex Green.
8:09 of 2nd period - Mackenzie MacEachern is hit by Gabriel Fortier and loses puck.
8:46 of 2nd period - Lukas Reichel is hit by Benoit-Olivier Groulx.
8:56 of 2nd period - Snap shot by Brayden Tracey.
8:56 of 2nd period - Stopped by Dustin Wolf without a rebound.
8:57 of 2nd period - Yakov Trenin wins face-off versus Danila Klimovich in Abbotsford Heat zone.
8:57 of 2nd period - Yakov Trenin is hit by Brayden Tracey.
9:40 of 2nd period - Ryan Merkley is hit by Oliver Wahlstrom and loses puck.
9:47 of 2nd period - Wrist shot by Oliver Wahlstrom.
9:47 of 2nd period - Stopped by Dustin Wolf with a rebound.
9:49 of 2nd period - Snap shot by Mark Kastelic.
9:49 of 2nd period - Stopped by Dustin Wolf with a rebound.
9:51 of 2nd period - Snap shot by Mark Kastelic.
9:51 of 2nd period - Stopped by Dustin Wolf with a rebound.
10:07 of 2nd period - Gabriel Fortier is hit by Simon Holmstrom and loses puck.
10:40 of 2nd period - Wrist shot by Cole Sillinger.
10:40 of 2nd period - Shot Misses the Net.
10:42 of 2nd period - Snap shot by Cole Sillinger.
10:42 of 2nd period - Deflect By Rafael Harvey-Pinard.
10:42 of 2nd period - Shot Blocked by Mike Hardman.
10:42 of 2nd period - Puck is out of play.
10:43 of 2nd period - Cole Sillinger wins face-off versus Danila Klimovich in Laval Squanderers zone.
10:44 of 2nd period - Wrist shot by Rafael Harvey-Pinard.
10:44 of 2nd period - Shot Hit the Post.
10:46 of 2nd period - Wrist shot by Cole Sillinger.
10:46 of 2nd period - Stopped by Dylan Garand without a rebound.
10:47 of 2nd period - Cole Sillinger wins face-off versus Danila Klimovich in Laval Squanderers zone.
11:12 of 2nd period - Snap shot by Lane Pederson.
11:12 of 2nd period - Shot Misses the Net.
11:14 of 2nd period - Wrist shot by Rafael Harvey-Pinard.
11:14 of 2nd period - Goal by Rafael Harvey-Pinard - Laval Squanderers : 2 - Abbotsford Heat : 3.
11:15 of 2nd period - Mark Kastelic wins face-off versus Yakov Trenin in neutral zone.
11:20 of 2nd period - Snap shot by Mackenzie MacEachern.
11:20 of 2nd period - Shot Blocked by Michael Anderson.
11:28 of 2nd period - Wrist shot by Yakov Trenin.
11:28 of 2nd period - Stopped by Dylan Garand with a rebound.
11:30 of 2nd period - Slapshot by Michael Anderson.
11:30 of 2nd period - Stopped by Dylan Garand with a rebound.
11:42 of 2nd period - Lias Andersson is hit by Rafael Harvey-Pinard and loses puck.
12:03 of 2nd period - Snap shot by Benoit-Olivier Groulx.
12:03 of 2nd period - Shot Misses the Net.
12:05 of 2nd period - Wrist shot by Benoit-Olivier Groulx.
12:05 of 2nd period - Shot Blocked by Lukas Reichel.
12:08 of 2nd period - Icing by Braden Schneider.
12:09 of 2nd period - Bobby Brink wins face-off versus Graeme Clarke in Laval Squanderers zone.
12:14 of 2nd period - Wrist shot by Bobby Brink.
12:14 of 2nd period - Shot Blocked by Kyle Burroughs.
12:16 of 2nd period - Slapshot by Cole Perfetti.
12:16 of 2nd period - Stopped by Dylan Garand with a rebound.
12:18 of 2nd period - Snap shot by Yakov Trenin.
12:18 of 2nd period - Shot Misses the Net.
12:20 of 2nd period - Snap shot by Wyatt Newpower.
12:20 of 2nd period - Shot Blocked by Graeme Clarke.
12:40 of 2nd period - Snap shot by Martin Kaut.
12:40 of 2nd period - Stopped by Dustin Wolf without a rebound.
12:41 of 2nd period - Mark Kastelic wins face-off versus Cole Perfetti in Abbotsford Heat zone.
12:50 of 2nd period - Wrist shot by Mark Kastelic.
12:50 of 2nd period - Shot Blocked by Ryan Merkley.
12:54 of 2nd period - Wrist shot by Oliver Wahlstrom.
12:54 of 2nd period - Goal by Oliver Wahlstrom - Laval Squanderers : 3 - Abbotsford Heat : 3.
12:55 of 2nd period - Mark Kastelic wins face-off versus Yakov Trenin in neutral zone.
13:10 of 2nd period - Wrist shot by Cole Perfetti.
13:10 of 2nd period - Deflect By Bobby Brink.
13:10 of 2nd period - Shot Blocked by Justin Barron.
13:10 of 2nd period - Puck is out of play.
13:11 of 2nd period - Cole Sillinger wins face-off versus Lias Andersson in Laval Squanderers zone.
13:22 of 2nd period - Slapshot by Cole Sillinger.
13:22 of 2nd period - Deflect By Rafael Harvey-Pinard.
13:22 of 2nd period - Shot Misses the Net.
13:22 of 2nd period - Puck is out of play.
13:23 of 2nd period - Mark Kastelic wins face-off versus Yakov Trenin in Laval Squanderers zone.
13:23 of 2nd period - Mark Kastelic is hit by Ryan Merkley.
14:06 of 2nd period - Icing by Braden Schneider.
14:07 of 2nd period - Graeme Clarke wins face-off versus Benoit-Olivier Groulx in Laval Squanderers zone.
14:12 of 2nd period - Dennis Gilbert is hit by Martin Kaut and loses puck.
14:36 of 2nd period - Slapshot by Jacob Peterson.
14:36 of 2nd period - Shot Misses the Net.
14:38 of 2nd period - Slapshot by Jacob Peterson.
14:38 of 2nd period - Goal by Jacob Peterson - Laval Squanderers : 3 - Abbotsford Heat : 4.
14:39 of 2nd period - Mark Kastelic wins face-off versus Yakov Trenin in neutral zone.
14:50 of 2nd period - Snap shot by Mackenzie MacEachern.
14:50 of 2nd period - Shot Misses the Net.
15:20 of 2nd period - Lias Andersson is hit by Jacob Peterson and loses puck.
16:09 of 2nd period - Slapshot by Reese Johnson.
16:09 of 2nd period - Shot Misses the Net.
16:41 of 2nd period - Wrist shot by Martin Kaut.
16:41 of 2nd period - Stopped by Dustin Wolf with a rebound.
16:43 of 2nd period - Snap shot by Graeme Clarke.
16:43 of 2nd period - Stopped by Dustin Wolf with a rebound.
16:45 of 2nd period - Slapshot by Kyle Burroughs.
16:45 of 2nd period - Deflect By Lukas Reichel.
16:45 of 2nd period - Shot Misses the Net.
16:45 of 2nd period - Puck is out of play.
16:46 of 2nd period - Mark Kastelic wins face-off versus Cole Perfetti in Abbotsford Heat zone.
16:48 of 2nd period - Dennis Gilbert beats up Mark Kastelic.
16:48 of 2nd period - Penalty to Dennis Gilbert for Fighting.
16:48 of 2nd period - Penalty to Mark Kastelic for Fighting.
16:49 of 2nd period - Yakov Trenin wins face-off versus Brayden Tracey in Abbotsford Heat zone.
18:17 of 2nd period - Wrist shot by Jacob Peterson.
18:17 of 2nd period - Shot Misses the Net.
18:19 of 2nd period - Slapshot by Daniil Miromanov.
18:19 of 2nd period - Shot Blocked by Braden Schneider.
18:21 of 2nd period - Slapshot by Vincent Desharnais.
18:21 of 2nd period - Shot Misses the Net.
18:23 of 2nd period - Snap shot by Vincent Desharnais.
18:23 of 2nd period - Stopped by Dylan Garand with a rebound.
18:25 of 2nd period - Snap shot by Vincent Desharnais.
18:25 of 2nd period - Stopped by Dylan Garand with a rebound.
18:27 of 2nd period - Slapshot by Vincent Desharnais.
18:27 of 2nd period - Shot Misses the Net.
18:29 of 2nd period - Snap shot by Jacob Peterson.
18:29 of 2nd period - Stopped by Dylan Garand with a rebound.
18:31 of 2nd period - Wrist shot by Benoit-Olivier Groulx.
18:31 of 2nd period - Shot Misses the Net.
18:33 of 2nd period - Wrist shot by Alex Limoges.
18:33 of 2nd period - Shot Misses the Net.
18:35 of 2nd period - Slapshot by Daniil Miromanov.
18:35 of 2nd period - Shot Blocked by Mike Hardman.
18:37 of 2nd period - Slapshot by Alex Limoges.
18:37 of 2nd period - Shot Blocked by Braden Schneider.
18:39 of 2nd period - Slapshot by Vincent Desharnais.
18:39 of 2nd period - Shot Misses the Net.
18:45 of 2nd period - Snap shot by Alex Limoges.
18:45 of 2nd period - Stopped by Dylan Garand with a rebound.
19:09 of 2nd period - Snap shot by Jacob Peterson.
19:09 of 2nd period - Shot Misses the Net.
19:11 of 2nd period - Slapshot by Vincent Desharnais.
19:11 of 2nd period - Shot Misses the Net.
19:13 of 2nd period - Wrist shot by Benoit-Olivier Groulx.
19:13 of 2nd period - Shot Blocked by Kyle Burroughs.
19:15 of 2nd period - Wrist shot by Jacob Peterson.
19:15 of 2nd period - Shot Blocked by Danila Klimovich.
19:17 of 2nd period - Snap shot by Alex Limoges.
19:17 of 2nd period - Deflect By Braden Schneider.
19:17 of 2nd period - Shot Blocked by Brayden Tracey.
19:17 of 2nd period - Puck is out of play.
19:18 of 2nd period - Martin Kaut wins face-off versus Yakov Trenin in Laval Squanderers zone.
19:43 of 2nd period - Nils Lundkvist is hit by Cole Sillinger and loses puck.
Goals for this period are 2 for Laval Squanderers vs 3 for Abbotsford Heat.
Shots for this period are 11 for Laval Squanderers vs 11 for Abbotsford Heat.
3rd period
0:01 of 3rd period - Brayden Tracey wins face-off versus Yakov Trenin in neutral zone.
0:06 of 3rd period - Wrist shot by Mackenzie MacEachern.
0:06 of 3rd period - Shot Misses the Net.
0:14 of 3rd period - Snap shot by Mackenzie MacEachern.
0:14 of 3rd period - Stopped by Dustin Wolf without a rebound.
0:15 of 3rd period - Lias Andersson wins face-off versus Cole Sillinger in Abbotsford Heat zone.
1:12 of 3rd period - Wrist shot by Lukas Reichel.
1:12 of 3rd period - Stopped by Dustin Wolf without a rebound.
1:13 of 3rd period - Yakov Trenin wins face-off versus Lias Andersson in Abbotsford Heat zone.
2:26 of 3rd period - Snap shot by Cole Perfetti.
2:26 of 3rd period - Goal by Cole Perfetti - Laval Squanderers : 3 - Abbotsford Heat : 5.
2:27 of 3rd period - Mark Kastelic wins face-off versus Yakov Trenin in neutral zone.
2:32 of 3rd period - Wrist shot by Oliver Wahlstrom.
2:32 of 3rd period - Stopped by Dustin Wolf without a rebound.
2:33 of 3rd period - Mark Kastelic wins face-off versus Yakov Trenin in Abbotsford Heat zone.
2:34 of 3rd period - Snap shot by Oliver Wahlstrom.
2:34 of 3rd period - Stopped by Dustin Wolf without a rebound.
2:35 of 3rd period - Mark Kastelic wins face-off versus Yakov Trenin in Abbotsford Heat zone.
3:09 of 3rd period - Snap shot by Bobby Brink.
3:09 of 3rd period - Shot Misses the Net.
3:25 of 3rd period - Wrist shot by Bobby Brink.
3:25 of 3rd period - Stopped by Dylan Garand with a rebound.
3:27 of 3rd period - Slapshot by Michael Anderson.
3:27 of 3rd period - Shot Misses the Net.
3:29 of 3rd period - Slapshot by Cole Perfetti.
3:29 of 3rd period - Stopped by Dylan Garand with a rebound.
3:31 of 3rd period - Wrist shot by Yakov Trenin.
3:31 of 3rd period - Shot Misses the Net.
3:33 of 3rd period - Wrist shot by Bobby Brink.
3:33 of 3rd period - Stopped by Dylan Garand with a rebound.
3:53 of 3rd period - Snap shot by Bobby Brink.
3:53 of 3rd period - Shot Misses the Net.
4:09 of 3rd period - Snap shot by Bobby Brink.
4:09 of 3rd period - Deflect By Cole Perfetti.
4:09 of 3rd period - Shot Misses the Net.
4:09 of 3rd period - Puck is out of play.
4:10 of 3rd period - Cole Sillinger wins face-off versus Lias Andersson in Laval Squanderers zone.
4:13 of 3rd period - Snap shot by Rafael Harvey-Pinard.
4:13 of 3rd period - Stopped by Dylan Garand with a rebound.
4:26 of 3rd period - Simon Holmstrom beats up Wyatt Newpower.
4:26 of 3rd period - Penalty to Wyatt Newpower for Fighting.
4:26 of 3rd period - Penalty to Simon Holmstrom for Fighting.
4:27 of 3rd period - Cole Sillinger wins face-off versus Lias Andersson in Abbotsford Heat zone.
4:27 of 3rd period - Cole Sillinger is hit by Brayden Tracey.
4:43 of 3rd period - Lias Andersson is hit by Lane Pederson and loses puck.
5:49 of 3rd period - Alex Green is hit by Benoit-Olivier Groulx and loses puck.
6:04 of 3rd period - Slapshot by Kaedan Korczak.
6:04 of 3rd period - Shot Blocked by Gabriel Fortier.
6:27 of 3rd period - Mike Hardman is hit by Benoit-Olivier Groulx.
6:51 of 3rd period - Lias Andersson is hit by Michael Anderson and loses puck.
7:10 of 3rd period - Braden Schneider is hit by Benoit-Olivier Groulx and loses puck.
7:15 of 3rd period - Snap shot by Benoit-Olivier Groulx.
7:15 of 3rd period - Shot Misses the Net.
7:49 of 3rd period - Snap shot by Cole Perfetti.
7:49 of 3rd period - Goal by Cole Perfetti - Laval Squanderers : 3 - Abbotsford Heat : 6.
7:50 of 3rd period - Yakov Trenin wins face-off versus Mackenzie MacEachern in neutral zone.
7:52 of 3rd period - Off-side.
7:53 of 3rd period - Mark Kastelic wins face-off versus Cole Perfetti in neutral zone.
7:56 of 3rd period - Snap shot by Oliver Wahlstrom.
7:56 of 3rd period - Stopped by Dustin Wolf with a rebound.
7:58 of 3rd period - Snap shot by Mark Kastelic.
7:58 of 3rd period - Shot Misses the Net.
8:00 of 3rd period - Slapshot by Justin Barron.
8:00 of 3rd period - Shot Misses the Net.
8:02 of 3rd period - Slapshot by Mackenzie MacEachern.
8:02 of 3rd period - Stopped by Dustin Wolf with a rebound.
8:28 of 3rd period - Snap shot by Cole Perfetti.
8:28 of 3rd period - Shot Hit the Post.
9:00 of 3rd period - Wrist shot by Bobby Brink.
9:00 of 3rd period - Stopped by Dylan Garand with a rebound.
9:02 of 3rd period - Slapshot by Cole Perfetti.
9:02 of 3rd period - Stopped by Dylan Garand without a rebound.
9:03 of 3rd period - Cole Sillinger wins face-off versus Mark Kastelic in Laval Squanderers zone.
9:16 of 3rd period - Snap shot by Oliver Wahlstrom.
9:16 of 3rd period - Shot Misses the Net.
9:18 of 3rd period - Snap shot by Mackenzie MacEachern.
9:18 of 3rd period - Stopped by Dustin Wolf with a rebound.
9:41 of 3rd period - Minor Penalty to Kyle Burroughs for Roughing.
9:42 of 3rd period - Cole Sillinger wins face-off versus Graeme Clarke in Laval Squanderers zone.
10:26 of 3rd period - Dennis Gilbert is hit by Martin Kaut and loses puck.
10:53 of 3rd period - Cole Perfetti is hit by Kaedan Korczak.
11:41 of 3rd period - Penalty to Kyle Burroughs is over, Kyle Burroughs is back on ice.
11:43 of 3rd period - Slapshot by Martin Kaut.
11:43 of 3rd period - Shot Hit the Post.
11:50 of 3rd period - Icing by Daniil Miromanov.
11:51 of 3rd period - Mark Kastelic wins face-off versus Filip Chlapik in Abbotsford Heat zone.
11:54 of 3rd period - Snap shot by Mark Kastelic.
11:54 of 3rd period - Stopped by Dustin Wolf with a rebound.
12:07 of 3rd period - Snap shot by Benoit-Olivier Groulx.
12:07 of 3rd period - Deflect By Oliver Wahlstrom.
12:07 of 3rd period - Stopped by Dylan Garand without a rebound.
12:08 of 3rd period - Jacob Peterson wins face-off versus Lias Andersson in Laval Squanderers zone.
12:13 of 3rd period - Slapshot by Alex Limoges.
12:13 of 3rd period - Shot Blocked by Lias Andersson.
12:42 of 3rd period - Snap shot by Bobby Brink.
12:42 of 3rd period - Stopped by Dylan Garand with a rebound.
12:44 of 3rd period - Slapshot by Wyatt Newpower.
12:44 of 3rd period - Deflect By Mark Kastelic.
12:44 of 3rd period - Stopped by Dylan Garand with a rebound.
12:46 of 3rd period - Snap shot by Cole Perfetti.
12:46 of 3rd period - Goal by Cole Perfetti - Laval Squanderers : 3 - Abbotsford Heat : 7.
12:47 of 3rd period - Yakov Trenin wins face-off versus Mark Kastelic in neutral zone.
12:52 of 3rd period - Braden Schneider is hit by Michael Anderson and loses puck.
13:13 of 3rd period - Mackenzie MacEachern is hit by Gabriel Fortier and loses puck.
13:18 of 3rd period - Wrist shot by Jacob Peterson.
13:18 of 3rd period - Goal by Jacob Peterson - Laval Squanderers : 3 - Abbotsford Heat : 8.
13:19 of 3rd period - Yakov Trenin wins face-off versus Simon Holmstrom in neutral zone.
13:24 of 3rd period - Snap shot by Lias Andersson.
13:24 of 3rd period - Goal by Lias Andersson - Laval Squanderers : 4 - Abbotsford Heat : 8.
13:25 of 3rd period - Yakov Trenin wins face-off versus Mackenzie MacEachern in neutral zone.
13:28 of 3rd period - Snap shot by Bobby Brink.
13:28 of 3rd period - Shot Misses the Net.
13:30 of 3rd period - Slapshot by Ryan Merkley.
13:30 of 3rd period - Stopped by Dylan Garand with a rebound.
13:32 of 3rd period - Slapshot by Michael Anderson.
13:32 of 3rd period - Deflect By Bobby Brink.
13:32 of 3rd period - Stopped by Dylan Garand with a rebound.
13:34 of 3rd period - Backhand shot by Ryan Merkley.
13:34 of 3rd period - Stopped by Dylan Garand with a rebound.
13:35 of 3rd period - Yakov Trenin beats up Mark Kastelic.
13:35 of 3rd period - Penalty to Yakov Trenin for Fighting.
13:35 of 3rd period - Penalty to Mark Kastelic for Fighting.
13:35 of 3rd period - Mark Kastelic is ejected from game.
13:36 of 3rd period - Filip Chlapik wins face-off versus Brayden Tracey in Laval Squanderers zone.
13:50 of 3rd period - Slapshot by Cole Perfetti.
13:50 of 3rd period - Stopped by Dylan Garand with a rebound.
13:52 of 3rd period - Slapshot by Ryan Merkley.
13:52 of 3rd period - Stopped by Dylan Garand without a rebound.
13:53 of 3rd period - Lias Andersson wins face-off versus Rafael Harvey-Pinard in Laval Squanderers zone.
14:04 of 3rd period - Slapshot by Cole Sillinger.
14:04 of 3rd period - Deflect By Rafael Harvey-Pinard.
14:04 of 3rd period - Stopped by Dylan Garand without a rebound.
14:05 of 3rd period - Filip Chlapik wins face-off versus Brayden Tracey in Laval Squanderers zone.
14:33 of 3rd period - Minor Penalty to Lias Andersson for Tripping.
14:34 of 3rd period - Graeme Clarke wins face-off versus Filip Chlapik in Laval Squanderers zone.
14:50 of 3rd period - Off-side.
14:51 of 3rd period - Graeme Clarke wins face-off versus Filip Chlapik in neutral zone.
16:06 of 3rd period - Vincent Desharnais is hit by Lukas Reichel and loses puck.
16:31 of 3rd period - Graeme Clarke is hit by Ryan Merkley and loses puck.
16:33 of 3rd period - Penalty to Lias Andersson is over, Lias Andersson is back on ice.
16:42 of 3rd period - Jacob Peterson is hit by Kyle Burroughs and loses puck.
17:41 of 3rd period - Ryan Merkley is hit by Martin Kaut and loses puck.
17:49 of 3rd period - Icing by Michael Anderson.
17:50 of 3rd period - Brayden Tracey wins face-off versus Filip Chlapik in Abbotsford Heat zone.
17:51 of 3rd period - Snap shot by Oliver Wahlstrom.
17:51 of 3rd period - Stopped by Dustin Wolf with a rebound.
18:47 of 3rd period - Wrist shot by Mike Hardman.
18:47 of 3rd period - Stopped by Dustin Wolf with a rebound.
19:00 of 3rd period - Off-side.
19:01 of 3rd period - Martin Kaut wins face-off versus Rafael Harvey-Pinard in neutral zone.
19:12 of 3rd period - Snap shot by Rafael Harvey-Pinard.
19:12 of 3rd period - Stopped by Dylan Garand without a rebound.
19:13 of 3rd period - Cole Sillinger wins face-off versus Lias Andersson in Laval Squanderers zone.
Goals for this period are 1 for Laval Squanderers vs 4 for Abbotsford Heat.
Shots for this period are 11 for Laval Squanderers vs 20 for Abbotsford Heat.
Back to the Top